 Dungeon Crawl Stone Soup version 0.28.0-43-g3370ac3207 (webtiles) character file.

Game seed: 259528741747779261

37 Zeld the Sneak (level 3, -1/27 HPs)
             Began as a Vampire Brigand on Mar 28, 2022.
             Slain by an adder (2 damage)
             ... on level 2 of the Dungeon.
             The game lasted 00:02:11 (1785 turns).

Zeld the Sneak (Vampire Brigand)                    Turns: 1785, Time: 00:02:11

Health: -1/27      AC:  3    Str: 10    XL:     3   Next: 21%
Magic:  3/3        EV: 12    Int: 13    God:
Gold:   37         SH:  0    Dex: 17    Spells: 2/2 levels left

rFire   . . .      SeeInvis +   a - +1 short sword (elec)
rCold   . . .      Faith    .   (no shield)
rNeg    . . .      Spirit   .   b - +0 robe
rPois   .          Reflect  .   (no helmet)
rElec   .          Harm     .   c - +0 cloak
rCorr   .          Rampage  .   (no gloves)
Will    .....                   (no boots)
Stlth   ++........              (no amulet)
HPRegen 0.29/turn               (no ring)
MPRegen 0.08/turn               (no ring)

@: lethally poisoned (-1 -> -4), healing quickly, very slow
A: alive, fangs 3, see invisible, vampiric 2
a: Exsanguinate


You were on level 2 of the Dungeon.
You visited 1 branch of the dungeon, and saw 2 of its levels.

You collected 37 gold pieces.

Inventory:

Hand Weapons
 a - a +1 short sword of electrocution (weapon)
Missiles
 d - 12 poisoned darts (quivered)
 e - 2 curare-tipped darts
Armour
 b - a +0 robe (worn)
 c - a +0 cloak (worn)
Scrolls
 g - 2 scrolls of blinking {unknown}
 h - a scroll of identify {unknown}
Potions
 f - 2 potions of mutation {unknown}


   Skills:
 + Level 2.0 Fighting
 * Level 3.0 Short Blades
 + Level 1.7 Throwing
 + Level 1.6 Dodging
 * Level 6.4 Stealth


You had 2 spell levels left.
You didn't know any spells.
Your spell library contained the following spells:

 Spells                   Type           Power      Damage    Failure   Level
 Dazzling Flash           Conj/Hex       0%         N/A       67%         3
 Stone Arrow              Conj/Erth      0%         3d7       67%         3
 Animate Armour           Summ/Erth      0%         N/A       97%         4
 Iskenderun's Mystic Bla  Conj/Tloc      0%         2d3       97%         4
 Starburst                Conj/Fire      0%         6d3       100%        6
 Lehudib's Crystal Spear  Conj/Erth      0%         10d2      100%        8


Dungeon Overview and Level Annotations

Branches:
Dungeon (2/15)

Altars:

Shops:
D:2 [


Innate Abilities, Weirdness & Mutations

Your natural rate of healing is accelerated.
You have razor-sharp teeth.
You have supernaturally acute eyesight. (SInv)
You are afflicted with vampirism and can become a bat while bloodless.


Message History

You are poisoned.
The adder poisons you!
You barely miss the adder.
The adder is moderately wounded.
You feel sick. The adder bites you but does no damage.
You closely miss the adder. Your bite misses the adder.
The adder is moderately wounded.
You feel sick. The adder closely misses you.
You closely miss the adder. You bite the adder, but do no damage.
The adder is moderately wounded.
You feel sick. The adder bites you.
You are more poisoned.
The adder poisons you!
An adder is nearby!
You hit the adder.
The adder is heavily wounded.
You feel very sick. The adder bites you.
You are more poisoned.
The adder poisons you! The adder barely misses you.
An adder is nearby!
Your unstable footing causes you to fumble your attack.
You feel sick. The adder bites you but does no damage.
You closely miss the adder.
The adder is heavily wounded.
You feel very sick. The adder barely misses you.
Your unstable footing causes you to fumble your attack.
You feel sick. The adder closely misses you.
You closely miss the adder.
The adder is heavily wounded.
You feel sick. The adder bites you.
* * * LOW HITPOINT WARNING * * *
The adder bites you.
* * * LOW HITPOINT WARNING * * *
Unknown command.
Keep bloodletting?
* * * LOW HITPOINT WARNING * * *
You feel sick. The adder bites you.
You die...

..........+
.................
..........#
..######......##
.#.......# #. ..
###.##.###
.##.....## #.. ..
#...†...#.
.###...## #..# .#
#.#.###.#. .# ##'##
#..# .# #.#.# #.#.
.# #.# #..##.#
#.#.###.#. .# #.#
#...S.# #.#.......
## ##.## #.≈≈@.#
#.#####.#.
##...######.≈_≈.#
#.#####.#.
#.........#.≈$≈.#
#.......#.
##....#.#.#.....#
##########
...............####
#######.#.#.####
#.....# #######


You could see an adder.

Vanquished Creatures
  A worm (D:2)
  2 dart slugs (D:1)
  A ball python (D:1)
  2 endoplasms (D:1)
  2 goblins (D:1)
  A hobgoblin (D:1)
  4 jackals (D:1)
  5 kobolds
  3 quokkas
  A bat (D:1)
  2 frilled lizards (D:1)
  4 rats
28 creatures vanquished.

Notes
Turn   | Place    | Note
-------+----------+-------------------------------------------
     0 | D:1      | Zeld the Vampire Brigand began the quest for the Orb.
     0 | D:1      | Reached XP level 1. HP: 16/16 MP: 1/1
   127 | D:1      | Reached skill level 6 in Stealth
   177 | D:1      | Reached XP level 2. HP: 20/22 MP: 2/2
  1062 | D:1      | Gained mutation: You are afflicted with vampirism and can
                  | become a bat while bloodless. [Vampire growth]
  1062 | D:1      | Reached XP level 3. HP: 27/27 MP: 3/3
  1712 | D:2      | Found Mauph's Armour Boutique.
  1769 | D:2      | Found a faded altar of an unknown god.
  1785 | D:2      | HP: 1/27 [poisoned by an adder]
  1785 | D:2      | Slain by an adder

Illustrated notes

Levels and vault maps discovered:
D:1:      minmay_arrival_widening_spiral_wide, layout_loops_ring,
          chequers_avenue
D:2:      layout_loops_corners, serial_shops, shop,
          hellmonk_ecumenical_altar_pennies_from_heaven, wad_floor_pattern_1,
          minmay_pentomino_p2, uniq_sigmund

Skill      XL: |  1  2  3 |
---------------+----------+-----
Stealth        | 6 |  6.4
Fighting       | 2 |  2.0
Short Blades   | 3 |  3.0
Throwing       | |  1.7
Dodging        | |  1.6

Action                   || total
-------------------------++-------
Melee: Dagger            ||    73
       Bite              ||     7
       Short sword       ||    24
 Abil: Exsanguinate      ||     1
 Stab: Sleeping          ||     5
       Distracted        ||     1
Armor: Robe              ||    15
Dodge: Dodged            ||    62
